 Dungeon Crawl Stone Soup version 0.20.1-4-g4af34eaf8e (webtiles) character file.

242 Alfie the Shooter (level 5, -7/45 HPs)
             Began as a Minotaur Hunter on Mar 9, 2020.
             Killed by nerve-wracking pain
             ... invoked by Grinder
              (12 damage)
             ... while paralysed by Grinder
             ... on level 4 of the Dungeon.
             The game lasted 00:07:23 (2158 turns).

Alfie the Shooter (Minotaur Hunter)                 Turns: 2158, Time: 00:07:24

Health: -7/45      AC:  5    Str: 18    XL:     5   Next: 81%
Magic:  4/4        EV:  2    Int:  8    God:
Gold:   232        SH:  0    Dex: 10    Spells: 4/4 levels left

rFire    . . .     SeeInvis .   b - +0 short sword
rCold    . . .     Gourm    .   (no shield)
rNeg     . . .     Faith    .   c - +1 leather armour
rPois    .         Spirit   .   (helmet restricted)
rElec    .         Reflect  .   (no cloak)
rCorr    .         Harm     .   l - +0 pair of gloves
MR       .....                  (no boots)
Stlth    +.........             (no amulet)
Regen    0.2/turn               (no ring)
MPRegen  0.1/turn               (no ring)

@: paralysed, lethally poisoned (-7 -> -8)
A: retaliatory headbutt, horns 2
a: no special abilities


You were on level 4 of the Dungeon.
You were not hungry.

You visited 1 branch of the dungeon, and saw 4 of its levels.

You collected 232 gold pieces.

Inventory:

Hand Weapons
 a - a +1 shortbow
 b - a +0 short sword (weapon)
Missiles
 d - 10 arrows
Armour
 c - a +1 leather armour (worn)
 l - a +0 pair of gloves (worn)
Jewellery
 o - an uncursed amulet of harm {unknown}
Scrolls
 h - a scroll of identify
 i - 3 scrolls of remove curse
 s - a scroll of blinking
 u - a scroll of teleportation
Potions
 e - 2 potions of curing
 g - a potion of brilliance {unknown}
 j - a potion of berserk rage {unknown}
 k - 2 potions of heal wounds {unknown}
 m - a potion of magic {unknown}
 n - a potion of mutation {unknown}
 p - a potion of lignification {unknown}
 q - a potion of agility {unknown}
 t - a potion of flight {unknown}
Comestibles
 f - a bread ration
 r - a meat ration


   Skills:
 + Level 3.3 Fighting
 + Level 1.6 Short Blades
 + Level 6.3 Bows
 + Level 2.2 Armour
 + Level 3.0 Dodging
 + Level 1.2 Stealth


You had 4 spell levels left.
You didn't know any spells.

Dungeon Overview and Level Annotations

Branches:
Dungeon (4/15)
 Temple: D:4-7

Altars:
Elyvilon
Gozag

Annotations:
D:2 1 runed door
D:4 Grinder


Innate Abilities, Weirdness & Mutations

You reflexively headbutt those who attack you in melee.
You have a pair of horns on your head.


Message History

Grinder hits you but does no damage.
You hit Grinder.
Grinder is moderately wounded.
You feel sick. Grinder hits you!
You hit Grinder but do no damage.
Grinder is moderately wounded.
Grinder hits you!
* * * LOW HITPOINT WARNING * * *
You writhe in agony.
* * * LOW HITPOINT WARNING * * *
You hit Grinder but do no damage. Your headbutt misses Grinder.
Grinder is moderately wounded.
Grinder gestures at you.
You suddenly lose the ability to move!
Grinder rolls her eyes.
Grinder blinks!
You feel sick. Grinder gestures at you. Pain shoots through your body!
You die...

#....#.#...#.###.#.....
#....#.#_............##.
#....#.#.#.#.###.##......
#.#................?
#.#.#.###.###..#..
.......##..........
#............##.....
#.####.####5.# ... . ..
#@.# . ... #ยง## ... #.#
..# #.# #.. #.. #..


You could see Grinder.

Vanquished Creatures
  Menkaure (D:4)
  A hound (D:4)
  5 adders
  2 oozes
  A worm (D:2)
  A dart slug (D:3)
  A leopard gecko (D:2)
  A ball python (D:1)
  3 giant cockroaches
  4 hobgoblins
  5 jackals
  2 quokkas
  7 bats
  3 frilled lizards (D:3)
  2 goblins (D:1)
  4 kobolds
  7 rats
50 creatures vanquished.

Notes
Turn   | Place    | Note
-------+----------+-------------------------------------------
     0 | D:1      | Alfie the Minotaur Hunter began the quest for the Orb.
     0 | D:1      | Reached XP level 1. HP: 18/18 MP: 0/0
    38 | D:1      | Reached XP level 2. HP: 25/25 MP: 1/1
   124 | D:1      | Reached skill level 5 in Bows
   513 | D:2      | Reached XP level 3. HP: 28/30 MP: 2/2
   932 | D:2      | Found a runed door.
  1024 | D:2      | Reached skill level 1 in Armour
  1362 | D:3      | Reached XP level 4. HP: 32/37 MP: 3/3
  1410 | D:3      | Found a white marble altar of Elyvilon.
  1964 | D:4      | Reached skill level 1 in Short Blades
  1964 | D:4      | Reached skill level 1 in Stealth
  1972 | D:4      | Found an opulent altar of Gozag.
  2025 | D:4      | Noticed Menkaure
  2035 | D:4      | Killed Menkaure
  2035 | D:4      | Reached skill level 6 in Bows
  2035 | D:4      | Reached XP level 5. HP: 25/45 MP: 4/4
  2141 | D:4      | Noticed Grinder
  2155 | D:4      | Paralysed by Grinder for 4 turns
  2158 | D:4      | Killed from afar by Grinder

Skill      XL: |  1  2  3  4 |
---------------+-------------+-----
Bows           | 5 6 |  6.3
Armour         | 1 2 |  2.2
Fighting       | 3 |  3.3
Short Blades   | 1 |  1.6
Stealth        | 1 |  1.2
Dodging        | 3 |  3.0

Action                   |  1- 3 |  4- 6 || total
-------------------------+-------+-------++-------
Melee: Short sword       |    52 |    23 ||    75
       Headbutt          |     4 |     2 ||     6
 Fire: Shortbow          |    43 |    32 ||    75
  Use: Scroll            |     5 |     1 ||     6
       Potion            |     1 |       ||     1
  Eat: Fruit             |     1 |       ||     1
       Bread ration      |       |     1 ||     1
       Royal jelly       |       |     1 ||     1
Armor: Leather armour    |    26 |    10 ||    36
Dodge: Dodged            |    83 |    18 ||   101
